 Dungeon Crawl Stone Soup version 0.32-a0-928-g1cae6b7ea0 (webtiles) character file.

Game seed: 15006993859587470764

21326 retardedninja the Fighter (level 12, -2/95 HPs)
             Began as a Coglin Fighter on Apr 12, 2024.
             Was a Believer of Hepliaklqana.
             Slain by a cyclops (22 damage)
             ... on level 12 of the Dungeon.
             The game lasted 00:23:26 (14159 turns).

retardedninja the Fighter (Coglin Fighter)         Turns: 14159, Time: 00:23:26

Health: -2/95      AC: 19    Str: 21    XL:     12   Next: 88%
Magic:  12/12      EV:  7    Int:  9    God:    Hepliaklqana [**....]
Gold:   1863       SH:  0    Dex: 13    Spells: 11/11 levels left

rFire   . . .        s - +4 war axe {Ekveer}
rCold   . . .        n - +1 war axe {Katrin}
rNeg    . . .        g - +0 chain mail
rPois   .            q - +2 helmet
rElec   .            F - +1 cloak
rCorr   .            m - +0 pair of gloves
SInv    .            o - +0 pair of boots {Fly}
Will    .....        (amulet unavailable) Stlth
                     (ring unavailable)
HPRegen 0.35/turn    (ring unavailable)
MPRegen 0.13/turn    (no gizmo)

%: no passive effects
@: about to teleport, flying, revving
A: reduced essence, off-hand wielding, slow wielding, warmup strikes, no
jewellery
a: Invent Gizmo, Renounce Religion, Recall Ancestor, Ancestor Identity


You were on level 12 of the Dungeon.
You worshipped Hepliaklqana.
Hepliaklqana was pleased with you.
You visited 2 branches of the dungeon, and saw 14 of its levels.
You also visited: Bailey.

You collected 1863 gold pieces.

Inventory:

Hand Weapons
 n - a +1 war axe (offhand) {Katrin}
 s - a +4 war axe (weapon) {Ekveer}
Missiles
 h - 6 javelins
 i - 3 boomerangs (quivered)
 E - a throwing net
Armour
 g - a +0 chain mail (worn)
 m - a +0 pair of gloves (worn)
 o - a +0 pair of boots of flying (worn)
 q - a +2 helmet (worn)
 F - a +1 cloak (worn)
Wands
 v - a wand of flame (2)
 y - a wand of warping (2)
Scrolls
 b - 2 scrolls of acquirement {unknown}
 d - a scroll of poison {unknown}
 e - a scroll of revelation
 f - 2 scrolls of teleportation
 j - a scroll of summoning {unknown}
 k - a scroll of immolation {unknown}
 l - a scroll of noise
 A - a scroll of fear {unknown}
 B - a scroll of blinking
 G - a scroll of silence {unknown}
Potions
 a - 3 potions of curing
 c - a potion of resistance {unknown}
 p - 3 potions of lignification
 r - a potion of brilliance
 t - 2 potions of degeneration
 u - a potion of cancellation
 w - a potion of magic {unknown}
 x - 4 potions of heal wounds
 z - 4 potions of enlightenment
 D - a potion of haste {unknown}
 H - 3 potions of mutation {unknown}
 I - a potion of invisibility {unknown}


   Skills:
 * Level 13.7 Fighting
 * Level 13.5 Axes
 + Level 9.2 Armour
 - Level 2.2 Shields


You had 11 spell levels left.
You didn't know any spells.
Your spell library contained the following spells:

 Spells                   Type           Power      Damage    Failure   Level
 Sandblast                Erth           0%         2d4       91%         1
 Scorch                   Fire           0%         2d5       97%         2
 Hailstorm                Conj/Ice       0%         3d5       100%        3
 Stone Arrow              Conj/Erth      0%         3d7       100%        3
 Summon Ice Beast         Ice/Summ       0%         N/A       100%        3
 Brom's Barrelling Bould  Conj/Erth      0%         2d3       100%        4
 Flame Wave               Conj/Fire      0%         2d4       100%        4
 Summon Mana Viper        Hex/Summ       0%         N/A       100%        5
 Permafrost Eruption      Ice/Erth       0%         2x4d1     100%        6
 Sculpt Simulacrum        Ice/Alch       0%         N/A       100%        6
 Summon Cactus Giant      Summ           0%         N/A       100%        6
 Monstrous Menagerie      Summ           0%         N/A       100%        7


Dungeon Overview and Level Annotations

Branches:
Dungeon (13/15)            Temple (1/1) D:6            Lair (0/5) D:9
    Orc (0/2) D:12         Bailey (visited)
 Vaults: D:13-14

Altars:
Ashenzari
Cheibriados
Dithmenos
Elyvilon
Fedhas
Gozag
Hepliaklqana
Kikubaaqudgha
Makhleb
Nemelex Xobeh
Okawaru
Qazlal
Ru
Sif Muna
Trog
Uskayaw
Vehumet
Wu Jian
Xom
Yredelemnul
Zin
The Shining One

Annotations:
D:4 3 runed translucent doors, NotBatman's ghost, amateur DrEE; ezpacito's ghost, amateur CoCK; redsdead's ghost, amateur FoFi


Innate Abilities, Weirdness & Mutations

Your life essence is reduced to manifest your ancestor. (-10% HP)
You can wield a second weapon in your off-hand.
It takes a long time for you to wield or remove held weapons.
Your first few attacks do less damage.
You cannot equip rings or amulets.


Message History

The helpless basilisk fails to defend itself.
You hit the basilisk with your +1 war axe.
You hit the catoblepas with your +1 war axe.
You hit the cyclops with your +4 war axe.
You slash the catoblepas with your +4 war axe!
The helpless basilisk fails to defend itself.
You slash the basilisk with your +4 war axe!
The helpless basilisk fails to defend itself.
You slice the basilisk with your +4 war axe!!
You kill the basilisk!
The basilisk is engulfed in calcifying dust.
The cyclops closely misses you.
Unknown command.
As you read the scroll of teleportation, it crumbles to dust.
You feel strangely unstable.
The catoblepas gores you but does no damage.
The helpless basilisk fails to defend itself.
You slice the basilisk with your +4 war axe!!
The basilisk is almost dead.
You hit the cyclops but do no damage.
You hit the catoblepas but do no damage.
The helpless basilisk fails to defend itself.
You hit the basilisk with your +1 war axe.
You hit the catoblepas but do no damage.
You hit the cyclops but do no damage. The catoblepas gores you!
The cyclops hits you!!
* * * LOW HITPOINT WARNING * * *
The helpless basilisk fails to defend itself.
You slice the basilisk with your +1 war axe!!
You kill the basilisk!
You hit the catoblepas but do no damage.
You barely miss the cyclops with your +1 war axe.
You barely miss the catoblepas with your +4 war axe.
You slash the cyclops with your +4 war axe!
The catoblepas breathes a plume of calcifying dust at you.
The blast of calcifying dust hits you!
* * * LOW HITPOINT WARNING * * *
The cyclops hits you!!
You die...
Hepliaklqana delivers you to your ancestors.

*,,,,,,,,,..... ******,,,,.....
#### ##* *,,.[..... ##..#
**##.#### *,,....... ###...#
*,#.#.#.# *,,.=.....
##>..#.#****,#R#.####*,,.......
##....#.#*,*,##§##.#.#*,,.......
#.......###,##Y#C##.##*,,.......
#.......##.##.$@$.##.#*,,.......
#####...#*#.##§$§##.##*,,.......
##...#*,#.##.##.#.#*,,.......
#..#.#***#.###.####*,,.....##
#..### *,#.#.#.# *,,.....##
##..#.# **##.#### *,,.......
##?....######.#.######.......#.
#..........................,,##
##.###....................,,,**


You could see a catoblepas and a cyclops.

Vanquished Creatures
  Gastronok (D:8)
  Erolcha (D:9)
  A boulder beetle (D:12)
  4 two-headed ogres
  A manticore (D:12)
  An orc knight (Bailey)
  A cyclops (D:12)
  Joseph (D:10)
  A kobold demonologist (D:10)
  An unseen horror zombie (D:8)
  A komodo dragon (D:12)
  A troll (D:9)
  3 wyverns
  4 shadows
  3 wraiths
  25 yaks
  Eustachio (D:6)
  2 basilisks (D:12)
  3 steam dragons
  2 vampire mosquitoes (D:12)
  An acid dragon (D:10)
  2 water moccasins (D:8)
  6 orc warriors
  3 black bears
  5 centaurs
  A phantom (D:6)
  3 kobold brigands
  3 bullfrogs
  2 gnoll sergeants
  4 earth elementals (D:12)
  4 scorpions
  3 burial acolytes (D:8)
  18 wights
  7 killer bees
  A howler monkey (D:11)
  2 bombardier beetles
  2 centaur zombies (D:8)
  2 centaur skeletons (D:8)
  4 hounds
  A jelly (D:8)
  3 orc priests
  A gnoll bouda (D:7)
  A human zombie (D:8)
  2 sleepcaps
  6 iguanas
  11 orc wizards
  A killer bee zombie (D:8)
  21 gnolls
  11 adders
  A white imp (D:4)
  A ribbon worm (D:2)
  48 orcs
  7 endoplasms
  15 giant cockroaches
  10 goblins
  5 hobgoblins
  8 ball pythons
  2 bats (D:1)
  3 frilled lizards
  34 kobolds
  11 rats
334 creatures vanquished.

Vanquished Creatures (collateral kills)
  A two-headed ogre (D:12)
  A cyclops (D:12)
  An unseen horror (D:11)
  A gargoyle (D:12)
  6 yaks
  A wraith (D:12)
  An orc warrior (D:12)
  A centaur (D:12)
  2 orc priests (D:12)
  An orc wizard (D:12)
  9 orcs
25 creatures vanquished.

Vanquished Creatures (others)
  An ancestor (D:11)
  3 battlemagi
  An orc (D:8)
5 creatures vanquished.

Grand Total: 364 creatures vanquished

Notes
Turn   | Place    | Note
-------+----------+-------------------------------------------
     0 | D:1      | retardedninja the Coglin Fighter began the quest for the
                  | Orb.
     0 | D:1      | Reached XP level 1. HP: 18/18 MP: 1/1
   196 | D:1      | Reached XP level 2. HP: 24/24 MP: 2/2
   623 | D:2      | Reached XP level 3. HP: 27/29 MP: 3/3
   661 | D:2      | Found a basalt altar of Yredelemnul.
   859 | D:2      | Reached XP level 4. HP: 31/37 MP: 4/4
  1430 | D:3      | Reached XP level 5. HP: 17/42 MP: 5/5
  2065 | D:3      | Found an ornate altar of the Wu Jian Council.
  2150 | D:4      | Found a runed translucent gate.
  2151 | D:4      | Found a runed translucent gate.
  2151 | D:4      | Found a runed translucent gate.
  2152 | D:4      | Noticed redsdead's ghost (amateur FoFi)
  2152 | D:4      | Noticed NotBatman's ghost (amateur DrEE)
  2152 | D:4      | Noticed ezpacito's ghost (amateur CoCK)
  2575 | D:4      | Found a bloodstained altar of Trog.
  2661 | D:4      | Found a glowing golden altar of the Shining One.
  3120 | D:5      | Entered Level 5 of the Dungeon
  3138 | D:5      | Reached XP level 6. HP: 37/49 MP: 6/6
  3210 | D:5      | Reached skill level 5 in Fighting
  3315 | D:5      | Reached XP level 7. HP: 40/56 MP: 7/7
  3323 | D:5      | Reached skill level 5 in Axes
  3987 | D:5      | Reached XP level 8. HP: 64/64 MP: 8/8
  3995 | D:5      | Found a sparkling altar of Nemelex Xobeh.
  4016 | D:5      | Found a broken altar of Ashenzari.
  4402 | D:6      | Reached skill level 5 in Armour
  4514 | D:6      | Found a staircase to the Ecumenical Temple.
  4552 | Temple   | Entered the Ecumenical Temple
  4751 | D:6      | Noticed Eustachio
  4757 | D:6      | Killed Eustachio
  4758 | D:6      | Reached XP level 9. HP: 73/74 MP: 9/9
  4967 | D:7      | Found a flagged portal.
  4975 | Bailey   | Entered a bailey
  5029 | Bailey   | Noticed an orc knight
  5652 | Bailey   | Killed an orc knight
  6095 | D:7      | Reached XP level 10. HP: 59/81 MP: 10/10
  6193 | D:7      | Found a radiant altar of Vehumet.
  7046 | D:8      | Reached skill level 10 in Fighting
  7062 | D:8      | Noticed Gastronok
  7081 | D:8      | Killed Gastronok
  7082 | D:8      | Reached skill level 10 in Axes
  7571 | D:8      | Found an ancient bone altar of Kikubaaqudgha.
  7666 | D:8      | Reached XP level 11. HP: 78/92 MP: 11/11
  7874 | D:8      | Found a hazy altar of Hepliaklqana.
  8211 | D:8      | Became a worshipper of Hepliaklqana the Forgotten
  8266 | D:9      | Noticed Erolcha
  8279 | D:9      | HP: 3/93 [something (14)]
  8816 | D:9      | Killed Erolcha
  9193 | D:9      | Found a staircase to the Lair.
  9323 | D:9      | Noticed a two-headed ogre
  9665 | D:8      | Killed a two-headed ogre
 10307 | D:10     | Entered Level 10 of the Dungeon
 10390 | D:10     | Reached * piety under Hepliaklqana
 10657 | D:10     | Noticed Joseph
 10667 | D:10     | Killed Joseph
 11396 | D:10     | Noticed a two-headed ogre
 11402 | D:10     | Killed a two-headed ogre
 11530 | D:10     | Identified the +2 robe of Mole Ulu {rPois rF++ rCorr Int-5}
 11572 | D:11     | Reached XP level 12. HP: 62/92 MP: 12/12
 11804 | D:11     | Reached ** piety under Hepliaklqana
 11830 | D:11     | Remembered your ancestor Irenuw as a battlemage
 12324 | D:11     | You are sucked into a shaft and drop 2 floors!
 12328 | D:13     | Noticed a tengu warrior
 12334 | D:13     | Noticed a centaur warrior
 12338 | D:13     | Noticed a four-headed hydra
 13043 | D:12     | Noticed a boulder beetle
 13047 | D:12     | Killed a boulder beetle
 13099 | D:12     | Noticed a two-headed ogre
 13112 | D:12     | Killed a two-headed ogre
 13444 | D:12     | Noticed a two-headed ogre
 13449 | D:12     | Killed a two-headed ogre
 13673 | D:12     | Found a staircase to the Orcish Mines.
 13850 | D:12     | Noticed a two-headed ogre
 13856 | D:12     | Killed a two-headed ogre
 14149 | D:12     | Noticed a catoblepas
 14159 | D:12     | Slain by a cyclops

Illustrated notes

Levels and vault maps discovered:
D:1:      dpeg_arrival_solitude, layout_basic
D:2:      minmay_roachtagon, layout_loops_ring, basic_altar
D:3:      layout_loops_ring, nicolae_wu_jian_glorious_leap
D:4:      layout_basic, tso_oasis_becter, mainiacjoe_overflow_boulevard,
          gammafunk_ghost_cemetery, dk_vineyard_2
D:5:      kennysheep_spiral_hall, layout_cave_pools,
          ashenzari_conservatory_becter, mainiacjoe_overflow_six_doors_small,
          grunt_ministairs_4, kennysheep_generic_room_2
D:6:      black_bear_nest_2, layout_rooms, minmay_temple_entry_arrows,
          uniq_eustachio
D:7:      layout_rooms, nicolae_vehumet_altar_sigil, enter_bailey_3
D:8:      kennysheep_blocky_hall, layout_loops_ring,
          lemuel_mausoleum_altar_kikubaaqudgha, nzn_hepliaklqana_mist_gate,
          nicolae_figureground_sparkle, uniq_gastronok
D:9:      layout_cave_pools, dpeg_oklobed_lair, uniq_erolcha
D:10:     layout_gridville, uniq_joseph
D:11:     layout_rooms
D:12:     layout_cave_pools, hiddenorc2_lemuel, hangedman_cracks_in_the_wall
D:13:     layout_cave_pods, serial_column_ruins, column_ruins_grid_2,
          column_ruins_open_large, column_ruins_corridor_straight,
          column_ruins_columns_straight, column_ruins_corridor_straight,
          serial_park_tiny_1, minmay_crystal_box
Temple:   nicolae_temple_bog_church

Skill      XL: |  1  2  3  4  5  6  7  8  9 10 11 12 |
---------------+-------------------------------------+-----
Armour         | 3 4 5 6 7 8 9 |  9.2
Axes           | 3 4 5 7 8 10 12 13 | 13.5
Fighting       | 4 5 6 7 9 10 12 13 | 13.7
Shields        | |  2.2

Action                     |  1- 3 |  4- 6 |  7- 9 | 10-12 || total
---------------------------+-------+-------+-------+-------++-------
  Melee: War axe           |    79 |   186 |   290 |   692 ||  1247
         Hand axe          |    45 |    10 |       |       ||    55
  Throw: Throwing net      |     3 |       |       |       ||     3
 Invoke: Recall Ancestor   |       |       |       |     2 ||     2
         Ancestor Life: Ba |       |       |       |     1 ||     1
  Evoke: Wand              |       |       |     7 |    13 ||    20
    Use: Potion            |       |     1 |     5 |     7 ||    13
         Scroll            |       |     1 |     7 |     9 ||    17
   Stab: Petrified         |       |       |       |     9 ||     9
         Distracted        |       |       |       |     4 ||     4
         Petrifying        |       |       |       |     1 ||     1
 Armour: Scale mail        |    80 |    12 |       |       ||    92
         Chain mail        |       |   122 |   218 |   459 ||   799
         Skin              |       |       |    15 |     5 ||    20
  Dodge: Dodged            |    46 |    52 |    70 |   178 ||   346
  Block: Buckler           |     2 |       |       |       ||     2

Table legend: (Time is in decaauts)
 A = Elapsed time spent in this place.
 B = Non-inter-level travel time spent in this place.
 C = Inter-level travel time spent in this place.
 D = Time resting spent in this place.
 E = Time spent auto-exploring this place.
 F = Levels seen in this place.
 G = Mean time per level.
                   A        B        C        D        E       F      G
               +--------+--------+--------+--------+--------+-----+--------+
         Total |  14245 |  13745 |    500 |   3530 |   7971 |  15 |  949.7 |
       Dungeon |  13403 |  12903 |    500 |   3193 |   7854 |  13 | 1031.0 |
        Temple |      1 |      1 |      0 |      0 |      0 |   1 |    1.0 |
        Bailey |    840 |    840 |      0 |    337 |    116 |   1 |  840.0 |
               +--------+--------+--------+--------+--------+-----+--------+

Top non-repeatable levels by time:
     D:8: 3006 daAuts
    D:10: 1791 daAuts
     D:5: 1053 daAuts
     D:4: 1015 daAuts
    D:11: 918 daAuts
    D:12: 883 daAuts
     D:3: 873 daAuts
  Bailey: 840 daAuts
     D:7: 792 daAuts
     D:6: 777 daAuts
     D:9: 764 daAuts
     D:2: 681 daAuts
     D:1: 605 daAuts
    D:13: 240 daAuts
  Temple: 1 daAuts
